Map: Orbitalwerft

Players

Silver

  • Race: Protoss Protoss
  • League: Silver

Kyogen - Winner!

  • Race: Protoss Protoss
  • League: Gold

VOD

Have the link to the VOD?

Description

Time

  • Played on: Feb. 20, 2016, 12:04 p.m.
  • Length: 17:30
Show
View Real Time Build Order
Export as new Build Order

Silver Protoss 

Build Orders:  

Get SALT Encoding   

  12  0:01  Probe (Chrono Boost)  
  13  0:11  Probe (Chrono Boost)  
  14  0:22  Probe (Chrono Boost)  
  14  0:23  Pylon  
  15  0:41  Probe (Chrono Boost)  
  15  0:42  Gateway  
  16  0:49  Assimilator  
  16  0:51  Probe (Chrono Boost)  
  17  1:02  Probe (Chrono Boost)  
  18  1:05  Pylon  
  18  1:12  Probe (Chrono Boost)  
  19  1:23  Probe (Chrono Boost)  
  20  1:30  Cybernetics Core  
  20  1:34  Zealot, Probe (Chrono Boost)  
  23  1:44  Probe (Chrono Boost)  
  24  1:55  Probe (Chrono Boost)  
  25  2:05  Probe (Chrono Boost)  
  26  2:16  Probe (Chrono Boost)  
  27  2:25  Pylon  
  27  2:26  Probe (Chrono Boost)  
  27  2:27  Pylon  
  27  2:28  Nexus  
  29  2:37  Probe (Chrono Boost)  
  29  2:48  Mothership Core (Chrono Boost)  
  31  2:58  Gateway  
  31  2:59  Gateway  
  31  3:06  Probe (Chrono Boost)  
  32  3:16  Probe (Chrono Boost)  
  35  3:21  Zealot  
  35  3:27  Probe (Chrono Boost)  
  35  3:33  Twilight Council  
  36  3:36  Pylon  
  36  3:38  Probe (Chrono Boost)  
  37  3:44  Probe (Chrono Boost)  
  37  3:45  Forge  
  37  3:48  Zealot, Probe (Chrono Boost)  
  41  3:58  Zealot  
  41  3:59  Zealot, Probe (Chrono Boost)  
  46  4:08  Probe (Chrono Boost)  
  46  4:09  Probe (Chrono Boost)  
  48  4:15  Zealot  
  50  4:18  Probe (Chrono Boost)  
  50  4:20  Probe (Chrono Boost)  
  52  4:25  Zealot, Pylon  
  52  4:26  Zealot  
  52  4:28  Pylon  
  52  4:29  Probe (Chrono Boost)  
  52  4:30  Probe (Chrono Boost)  
  58  4:32  Pylon  
  58  4:39  Probe (Chrono Boost)  
  58  4:41  Probe (Chrono Boost)  
  59  4:50  Probe (Chrono Boost)  
  60  4:56  Probe (Chrono Boost)  
  61  5:06  Zealot x3  
  67  5:18  Probe x2 (Chrono Boost)  
  67  5:20  Photon Cannon  
  69  5:22  Charge, Photon Cannon  
  69  5:28  Probe (Chrono Boost)  
  69  5:33  Zealot x3, Gateway  
  69  5:35  Gateway  
  76  5:37  Pylon  
  76  5:39  Probe x2 (Chrono Boost), Pylon  
  76  5:40  Photon Cannon  
  78  5:44  Pylon  
  78  5:49  Probe (Chrono Boost)  
  79  5:50  Probe (Chrono Boost)  
  80  6:00  Zealot x2  
  84  6:06  Robotics Facility, Probe x2 (Chrono Boost)  
  84  6:07  Zealot  
  88  6:16  Probe (Chrono Boost)  
  88  6:17  Probe (Chrono Boost)  
  90  6:25  Zealot  
  92  6:26  Zealot  
  92  6:27  Zealot x2, Probe x2 (Chrono Boost), Nexus  
  100  6:38  Zealot, Probe (Chrono Boost)  
  101  7:00  Pylon  
  101  7:04  Photon Cannon  
  101  7:08  Photon Cannon  
  101  7:20  Zealot, Protoss Ground Armor Level 1  
  101  7:21  Zealot x4  
  111  7:25  Observer  
  112  7:34  Pylon  
  112  7:37  Probe (Chrono Boost), Pylon  
  112  7:38  Probe (Chrono Boost)  
  112  7:41  Pylon  
  114  7:46  Observer  
  114  7:48  Zealot x5, Probe x2 (Chrono Boost)  
  127  7:54  Gateway  
  127  7:55  Gateway  
  127  7:56  Gateway  
  127  8:00  Gateway  
  127  8:01  Gateway  
  127  8:15  Zealot  
  129  8:22  Zealot x4  
  137  8:39  Photon Cannon  
  137  8:42  Zealot, Photon Cannon  
  137  8:44  Zealot x3  
  137  8:46  Photon Cannon  
  137  8:47  Zealot  
  137  8:48  Zealot  
  149  8:49  Zealot x4  
  149  8:52  Pylon  
  149  8:55  Pylon  
  157  9:08  Photon Cannon  
  157  9:09  Zealot  
  159  9:11  Zealot x2  
  159  9:12  Zealot  
  159  9:14  Protoss Ground Weapons Level 1 (Chrono Boost)  
  159  9:15  Zealot x2  
  159  9:16  Zealot x4  
  153  9:36  Zealot  
  155  9:38  Zealot x2  
  155  9:39  Zealot  
  155  9:42  Zealot x2  
  155  9:43  Zealot  
  165  9:46  Zealot x3  
  165  9:50  Photon Cannon  
  165  9:52  Photon Cannon  
  171  9:56  Photon Cannon  
  171  9:59  Photon Cannon  
  171  10:04  Mothership Core  
  173  10:07  Zealot x2  
  173  10:08  Zealot x2  
  173  10:11  Nexus  
  181  10:20  Pylon  
  181  10:22  Pylon  
  181  10:26  Pylon  
  181  10:38  Zealot x4  
  181  10:40  Zealot x4  
  197  10:44  Zealot  
  199  10:51  Zealot  
  153  11:09  Zealot  
  153  11:10  Zealot  
  133  11:13  Zealot  
  111  11:23  Zealot x2  
  111  11:24  Zealot x2  
  107  11:29  Zealot  
  109  11:35  Gateway  
  109  11:36  Zealot x3  
  109  11:37  Zealot, Gateway  
  109  11:39  Gateway  
  117  11:42  Gateway  
  117  11:44  Gateway  
  117  11:45  Zealot  
  119  11:48  Gateway  
  119  11:50  Zealot  
  119  11:51  Zealot x2  
  119  11:52  Pylon  
  119  11:54  Zealot  
  127  11:55  Pylon  
  127  11:56  Zealot  
  129  12:03  Zealot x2  
  129  12:05  Zealot x2  
  137  12:10  Protoss Ground Armor Level 2 (Chrono Boost)  
  137  12:14  Zealot  
  139  12:17  Zealot  
  139  12:18  Zealot x2  
  139  12:21  Zealot  
  147  12:23  Zealot  
  155  12:53  Zealot  
  155  12:54  Zealot x5  
  155  12:55  Zealot x4  
  160  13:21  Zealot x5  
  160  13:22  Zealot x5  
  156  13:35  Photon Cannon  
  156  13:36  Mothership Core  
  156  13:37  Photon Cannon, Pylon  
  156  13:38  Photon Cannon  
  156  13:39  Pylon  
  156  13:41  Pylon  
  138  13:44  Pylon  
  138  13:48  Zealot x5  
  132  13:49  Zealot x3  
  132  13:51  Zealot  
  132  13:54  Zealot  
  95  14:11  Pylon  
  95  14:12  Pylon  
  95  14:14  Pylon  
  95  14:15  Zealot x4  
  95  14:16  Zealot  
  105  14:21  Zealot x2  
  106  14:29  Zealot  
  106  14:30  Zealot x2  
  94  14:39  Probe x2  
  94  14:41  Probe  
  94  14:42  Zealot  
  99  14:50  Protoss Ground Armor Level 3 (Chrono Boost)  
  99  15:00  Zealot x4  
  99  15:03  Zealot  
  99  15:06  Zealot  
  111  15:10  Zealot  
  111  15:13  Zealot  
  115  15:16  Zealot  
  117  15:23  Zealot  
  117  15:27  Zealot  
  121  15:39  Zealot  
  113  15:46  Zealot x4  
  113  15:49  Zealot x2  
  107  15:50  Zealot  
  107  15:53  Zealot  
  97  16:11  Zealot, Nexus  
  99  16:19  Photon Cannon  
  99  16:23  Photon Cannon  
  99  16:29  Photon Cannon  
  99  16:35  Photon Cannon  
  99  16:36  Zealot  
  101  16:47  Zealot  
  105  16:48  Zealot  
  105  16:52  Zealot  
  105  16:55  Zealot  
  105  17:00  Zealot  
  106  17:01  Zealot  
  106  17:02  Zealot  
  108  17:14  Photon Cannon  
  106  17:15  Photon Cannon  
Show
View Real Time Build Order
Export as new Build Order

Kyogen Protoss - Winner!

Build Orders: Nexus First 

Get SALT Encoding   

  12  0:02  Probe (Chrono Boost)  
  13  0:12  Probe (Chrono Boost)  
  14  0:23  Probe (Chrono Boost)  
  14  0:27  Pylon  
  15  0:56  Nexus  
  15  1:07  Pylon  
  15  1:18  Gateway  
  15  1:25  Pylon  
  15  1:38  Probe (Chrono Boost)  
  16  1:49  Probe (Chrono Boost)  
  16  1:51  Assimilator  
  17  2:00  Probe (Chrono Boost)  
  18  2:02  Gateway  
  18  2:06  Cybernetics Core  
  18  2:10  Zealot  
  18  2:13  Probe (Chrono Boost)  
  21  2:23  Probe (Chrono Boost)  
  21  2:26  Assimilator  
  21  2:28  Probe (Chrono Boost)  
  23  2:34  Probe (Chrono Boost)  
  24  2:39  Zealot  
  24  2:44  Warp Gate (Chrono Boost)  
  26  2:58  Gateway  
  26  3:03  Gateway  
  26  3:09  Probe, Mothership Core  
  29  3:20  Probe  
  29  3:21  Adept  
  29  3:26  Adept  
  34  3:30  Probe x2  
  36  3:42  Probe  
  36  3:47  Sentry  
  39  3:52  Adept  
  41  3:58  Probe  
  41  4:01  Probe  
  43  4:08  Probe  
  43  4:10  Pylon  
  43  4:13  Probe  
  43  4:14  Pylon  
  45  4:19  Probe  
  46  4:25  Probe  
  46  4:29  Probe  
  48  4:37  Probe  
  49  5:11  Pylon  
  49  5:16  Robotics Facility x2  
  49  5:19  Probe  
  49  5:20  Probe  
  51  5:25  Assimilator, Pylon  
  51  5:29  Probe, Assimilator  
  51  5:32  Probe  
  51  5:34  Stalker x2  
  51  5:35  Stalker x2  
  61  5:40  Probe  
  62  5:44  Probe  
  63  6:00  Nexus  
  63  6:05  Pylon  
  63  6:09  Pylon, Immortal x2  
  71  6:12  Pylon  
  71  6:17  Pylon  
  71  6:19  Stalker x3, Assimilator  
  71  6:24  Assimilator  
  77  6:32  Probe  
  77  6:33  Probe  
  79  6:41  Gateway  
  79  6:42  Probe  
  79  6:44  Gateway  
  79  6:45  Probe  
  79  6:46  Stalker, Forge  
  83  6:50  Sentry x3  
  89  7:06  Immortal  
  93  7:15  Stargate  
  93  7:23  Probe  
  93  7:24  Probe  
  93  7:25  Probe  
  93  7:28  Immortal  
  100  7:33  Protoss Ground Weapons Level 1  
  100  7:34  Probe x2  
  102  7:37  Probe  
  103  7:45  Stalker x3  
  109  8:18  Stargate  
  109  8:21  Stargate  
  109  8:32  Robotics Bay  
  109  8:35  Pylon  
  109  8:37  Void Ray (Chrono Boost)  
  113  8:56  Sentry x3  
  119  9:05  Void Ray (Chrono Boost)  
  119  9:54  Twilight Council  
  119  9:56  Extended Thermal Lance  
  119  10:01  Void Ray x2 (Chrono Boost)  
  119  10:06  Colossus  
  137  10:08  Void Ray (Chrono Boost)  
  137  10:29  Photon Cannon  
  137  10:32  Photon Cannon  
  137  10:35  Photon Cannon  
  137  10:44  Photon Cannon, Void Ray (Chrono Boost)  
  141  10:51  Pylon  
  141  10:53  Pylon  
  141  10:56  Photon Cannon  
  139  10:57  Void Ray (Chrono Boost)  
  139  10:59  Photon Cannon  
  139  11:04  Void Ray (Chrono Boost)  
  117  11:29  Stalker x2  
  117  11:30  Stalker x3  
  127  11:40  Pylon  
  127  11:41  Observer x2  
  129  12:02  Colossus, Warp Prism  
  129  12:56  Stalker  
  129  12:57  Stalker x5  
  108  13:29  Zealot x5  
  104  13:53  Stalker x5  
  102  13:59  Colossus  
  102  14:03  Colossus  
  100  14:24  Void Ray x2 (Chrono Boost)  
  100  14:32  Void Ray (Chrono Boost)  
  100  14:46  Pylon  
  100  14:50  Pylon x2  
  100  14:51  Assimilator, Pylon  
  100  14:52  Nexus  
  100  14:53  Pylon  
  100  14:56  Assimilator  
  100  15:08  Pylon, Void Ray (Chrono Boost)  
  100  15:10  Void Ray (Chrono Boost), Pylon  
  100  15:11  Blink  
  112  15:14  Void Ray (Chrono Boost)  
  112  15:27  Sentry x4  
  112  16:07  Pylon  
  112  16:10  Pylon  
  112  16:12  Sentry x2  
  112  16:13  Sentry  
  112  16:14  Zealot x2  
  122  16:58  Nexus  
Tags
 
Add a new tag
Caveats
  • Supply blocks, unpowered buildings, or Contaminate may cause inaccurate times.
  • Supply counts are checked every 10 seconds.